 Dungeon Crawl Stone Soup version 0.28-a0-8-g6e044cfa68 (webtiles) character file.

Game seed: 2552891472573507532

59 LadonLegend the Chopper (level 4, -4/41 HPs)
             Began as a Hill Orc Monk on July 24, 2021.
             Slain by an ogre (17 damage)
             ... on level 3 of the Dungeon.
             The game lasted 00:02:34 (1982 turns).

LadonLegend the Chopper (Hill Orc Monk)             Turns: 1982, Time: 00:02:34

Health: -4/41      AC:  8    Str: 14    XL:     4   Next: 3%
Magic:  4/4        EV:  7    Int: 10    God:
Gold:   159        SH:  0    Dex: 19    Spells: 3/3 levels left

rFire   . . .      SeeInvis .   a - +0 war axe
rCold   . . .      Faith    .   (no shield)
rNeg    . . .      Spirit   .   B - +0 chain mail
rPois   .          Reflect  .   (no helmet)
rElec   .          Harm     .   (no cloak)
rCorr   .          Rampage  .   (no gloves)
Will    .....                   (no boots)
Stlth   ..........              (no amulet)
HPRegen 0.13/turn               j - +6 ring of dexterity
MPRegen 0.09/turn               (no ring)

@: no status effects
A: no striking features
a: no special abilities


You were on level 3 of the Dungeon.
You visited 1 branch of the dungeon, and saw 3 of its levels.

You collected 159 gold pieces.

Inventory:

Hand Weapons
 a - a +0 war axe (weapon)
Armour
 B - a +0 chain mail (worn)
Jewellery
 j - a +6 ring of dexterity (left hand)
Scrolls
 b - a scroll of enchant armour {unknown}
 g - 3 scrolls of identify {unknown}
 i - a scroll of magic mapping {unknown}
Potions
 c - a potion of resistance {unknown}
 d - a potion of berserk rage {unknown}
 e - 2 potions of curing {unknown}
 f - a potion of flight {unknown}
 h - a potion of invisibility {unknown}


   Skills:
 + Level 4.7 Fighting
 + Level 5.2 Axes
 + Level 0.7 Armour
 - Level 2.4 Dodging
 - Level 1.5 Stealth


You had 3 spell levels left.
You didn't know any spells.
Your spell library was empty.

Dungeon Overview and Level Annotations

Branches:
Dungeon (3/15)

Altars:


Message History

You hit the giant cockroach.
You kill the giant cockroach!
You have reached level 4!
You see here a giant cockroach corpse.
A hobgoblin comes into view.
The hobgoblin moves out of view.
Found a sapphire ring.
A hobgoblin is nearby!
The hobgoblin hits you but does no damage.
You slash the hobgoblin!
You kill the hobgoblin!
No target in view!
No target in view!
No target in view!
No target in view!
No target in view!
No target in view!
No target in view!
Found a leather armour.
j - a +6 ring of dexterity You feel agile.
j - a +6 ring of dexterity (left hand)
You see here a +0 leather armour.
An ogre comes into view. It is wielding a +0 giant spiked club.
The ogre shouts!
An ogre is nearby!
An ogre is nearby!
Okay, then.
You slash the ogre!
The ogre is moderately wounded.
The ogre hits you with a +0 giant spiked club!
You hit the ogre.
The ogre is heavily wounded.
The ogre barely misses you.
You barely miss the ogre.
The ogre is moderately wounded.
The ogre hits you with a +0 giant spiked club!
* * * LOW HITPOINT WARNING * * *
The ogre hits you with a +0 giant spiked club!
You die...

# ##...##.###..........#......#
#..###.###.###..##..###........#
#..........##......#...........#
..#.##...............###.......#
....##.....##.#..##### ##>.....#
..............#..# #......#
..............#..# #......##
..............#.O#############..#
..........[...#.@......# ##..
.......................# ##.
.........###...........# #.
#..............#..#.#### ##.
###..#............#.## ###..
##..#........##......########....
...#..#......##..#.............#.
...#.#########......#..##......#.
...................>.........####


You could see an ogre.

Vanquished Creatures
  An adder (D:2)
  A dart slug (D:1)
  3 ball pythons
  2 endoplasms
  3 giant cockroaches
  4 hobgoblins
  6 jackals (D:2)
  2 quokkas (D:2)
  9 bats
  2 frilled lizards
  5 goblins
  3 kobolds
  A rat (D:1)
42 creatures vanquished.

Vanquished Creatures (others)
  A fungus (D:2)
  2 plants (D:2)
3 creatures vanquished.

Grand Total: 45 creatures vanquished

Notes
Turn   | Place    | Note
-------+----------+-------------------------------------------
     0 | D:1      | LadonLegend the Hill Orc Monk began the quest for the Orb.
     0 | D:1      | Reached XP level 1. HP: 19/19 MP: 1/1
   114 | D:1      | Reached XP level 2. HP: 22/27 MP: 2/2
   783 | D:2      | Reached XP level 3. HP: 24/34 MP: 3/3
   886 | D:2      | You fall into a shaft and drop 1 floor!
   942 | D:2      | You fall into a shaft and drop 1 floor!
   982 | D:2      | Reached skill level 5 in Axes
  1393 | D:2      | Found a faded altar of an unknown god.
  1920 | D:3      | Reached XP level 4. HP: 41/41 MP: 4/4
  1967 | D:3      | Noticed an ogre
  1982 | D:3      | Slain by an ogre

Illustrated notes

Levels and vault maps discovered:
D:1:      elethiomel_arrival_shortcut, layout_loops_ring
D:2:      layout_rooms, shapermc_ecumenical_altar_mp_urbaneastern,
          kennysheep_big_empty_room, chequers_arboretum,
          kennysheep_cross_bottleneck
D:3:      layout_rooms, mainiacjoe_overflow_brackets, minmay_misc_feat_enclosed,
          minmay_ogre_servants

Skill      XL: |  1  2  3 |
---------------+----------+-----
Fighting       | 4 |  4.7
Axes           | 5 |  5.2
Armour         | |  0.7
Dodging        | |  2.4
Stealth        | |  1.5

Action                   |  1- 3 |  4- 6 || total
-------------------------+-------+-------++-------
Melee: Hand axe          |    86 |       ||    86
       War axe           |    35 |     4 ||    39
Armor: Robe              |     4 |       ||     4
       Scale mail        |    55 |       ||    55
       Chain mail        |    23 |     1 ||    24
Dodge: Dodged            |    83 |     1 ||    84

Table legend: (Time is in decaauts)
 A = Elapsed time spent in this place.
 B = Non-inter-level travel time spent in this place.
 C = Inter-level travel time spent in this place.
 D = Time resting spent in this place.
 E = Time spent auto-exploring this place.
 F = Levels seen in this place.
 G = Mean time per level.
                   A        B        C        D        E       F      G
               +--------+--------+--------+--------+--------+-----+--------+
         Total |   2000 |   1899 |    101 |    305 |   1235 |   3 |  666.7 |
       Dungeon |   2000 |   1899 |    101 |    305 |   1235 |   3 |  666.7 |
               +--------+--------+--------+--------+--------+-----+--------+

Top non-repeatable levels by time:
     D:2: 1021 daAuts
     D:1: 775 daAuts
     D:3: 203 daAuts
